 Dungeon Crawl Stone Soup version 0.31-a0-851-g7ff8af7976 (webtiles) character file.

Game seed: 8100317392740935245

242 theswoord the Twirler (level 5, -4/38 HPs)
             Began as a Demonspawn Gladiator on Oct 7, 2023.
             Slain by a gnoll
             ... wielding a +0 flail
              (9 damage)
             ... on level 2 of the Dungeon.
             The game lasted 00:01:40 (944 turns).

theswoord the Twirler (Demonspawn Gladiator)         Turns: 944, Time: 00:01:40

Health: -4/38      AC: 10    Str: 16    XL:     5   Next: 82%
Magic:  5/5        EV: 12    Int: 10    God:
Gold:   75         SH:  0    Dex: 14    Spells: 4/4 levels left

rFire   . . .        a - +0 quarterstaff
rCold   . . .        (shield currently unavailable)
rNeg    . . .        b - +0 leather armour
rPois   .            c - +0 helmet
rElec   .            (no cloak)
rCorr   .            (no gloves)
SInv    .            (no boots)
Will    .....        (no amulet)
Stlth   +            (no ring)
HPRegen 1.26/turn    (no ring)
MPRegen 0.09/turn

%: no passive effects
@: sanguine armoured
A: powered by death 1, sanguine armour 1
a: no special abilities


You were on level 2 of the Dungeon.
You visited 1 branch of the dungeon, and saw 4 of its levels.

You collected 75 gold pieces.

Inventory:

Hand Weapons
 a - a +0 quarterstaff (weapon)
Missiles
 d - 2 throwing nets (quivered)
 e - a javelin
Armour
 b - a +0 leather armour (worn)
 c - a +0 helmet (worn)
Scrolls
 h - a scroll of amnesia {unknown}
 i - a scroll of immolation {unknown}
 j - a scroll of enchant armour {unknown}
Potions
 f - a potion of mutation {unknown}
 g - a potion of magic {unknown}
 k - 2 potions of enlightenment {unknown}


   Skills:
 - Level 2.0 Fighting
 + Level 6.0 Staves
 - Level 1.7 Throwing
 - Level 2.6 Dodging


You had 4 spell levels left.
You didn't know any spells.
Your spell library was empty.

Dungeon Overview and Level Annotations

Branches:
Dungeon (4/15)
 Temple: D:4-7

Altars:
Wu Jian


Innate Abilities, Weirdness & Mutations

You regenerate a little health from kills.
When seriously injured, your blood forms armour. (AC +6)


Message History

No target in view!
You now have 75 gold pieces (gained 16).
A ball python comes into view.
You see here the amulet of Jeufax {Reflect Will- Regen+ Str+3 Dex+5 SH+5}.
A ball python is nearby!
A quokka and a goblin come into view.
Found a stone staircase leading up.
A gnoll comes into view. It is wielding a +0 halberd.
You see here 11 gold pieces.
The helpless quokka fails to defend itself.
You hit the quokka.
You kill the quokka!
The goblin shouts!
You hear a shout!
The gnoll shouts!
A gnoll comes into view. It is wielding a +0 flail.
Found a mace and a scimitar.
The gnoll shouts!
The goblin hits you but does no damage. The ball python completely misses you.
The ball python grabs you. The ball python constricts you.
You thump the ball python!
You kill the ball python!
The goblin hits you but does no damage.
There are monsters nearby!
You sock the goblin!
You kill the goblin!
The gnoll misses you. The gnoll closely misses you.
You see here a ball python corpse.
You hit the gnoll. The gnoll closely misses you.
You barely miss the gnoll. The gnoll barely misses you.
The gnoll closely misses you.
You completely miss the gnoll. The gnoll hits you with a +0 halberd.
The gnoll hits you with a +0 flail!
You hit the gnoll but do no damage. The gnoll hits you with a +0 halberd!
* * * LOW HITPOINT WARNING * * *
Your blood congeals into armour.
The gnoll hits you with a +0 flail.
* * * LOW HITPOINT WARNING * * *
You hit the gnoll. The gnoll hits you with a +0 halberd!
* * * LOW HITPOINT WARNING * * *
The gnoll hits you with a +0 flail!
You die...

.......# ...... ..#.#
#.)....... ......##
...... ...###.#.####..
......# ......
#............. ........
.....####............#
........
.)#....................
........
.........#..............
........
...)...).##........._...
......##
.#...###.#"#............
.......
......g@.$##............
.....##
......g....#.........##.
..####
......##.............# .
..# ....#.
#...###..###### ...# ...
# ###.# #.## #.... #.
#.# ..# .#### . .# ## ..
.<


You could see 2 gnolls.

Vanquished Creatures
  A water moccasin (D:3)
  A scorpion (D:4)
  A hound (D:4)
  An adder (D:3)
  2 dart slugs (D:1)
  5 ball pythons
  2 bats (D:1)
  An endoplasm (D:2)
  A giant cockroach (D:3)
  5 goblins
  3 hobgoblins
  4 kobolds
  4 quokkas
  2 frilled lizards (D:1)
  4 rats
37 creatures vanquished.

Notes
Turn   | Place    | Note
-------+----------+-------------------------------------------
     0 | D:1      | theswoord the Demonspawn Gladiator began the quest for the
                  | Orb.
     0 | D:1      | Reached XP level 1. HP: 16/16 MP: 1/1
    81 | D:1      | Reached skill level 3 in Staves
   116 | D:1      | Gained mutation: You regenerate a little health from kills.
                  | [demonic ancestry]
   116 | D:1      | Reached XP level 2. HP: 19/22 MP: 2/2
   588 | D:2      | Found a faded altar of an unknown god.
   649 | D:2      | Gained mutation: When seriously injured, your blood forms
                  | armour. (AC +6) [demonic ancestry]
   649 | D:2      | Reached XP level 3. HP: 27/27 MP: 3/3
   658 | D:2      | You fall into a shaft and drop 2 floors!
   659 | D:4      | Noticed a scorpion
   672 | D:4      | Killed a scorpion
   673 | D:4      | Reached skill level 4 in Staves
   673 | D:4      | Reached XP level 4. HP: 24/33 MP: 4/4
   711 | D:4      | Reached skill level 5 in Staves
   758 | D:3      | Noticed a water moccasin
   767 | D:3      | Killed a water moccasin
   768 | D:3      | Reached XP level 5. HP: 27/38 MP: 5/5
   781 | D:3      | Reached skill level 6 in Staves
   918 | D:2      | Found an ornate altar of the Wu Jian Council.
   933 | D:2      | Identified the amulet of Jeufax {Reflect Will- Regen+ Str+3
                  | Dex+5 SH+5}
   944 | D:2      | Slain by a gnoll

Skill      XL: |  1  2  3  4  5 |
---------------+----------------+-----
Staves         | 3 4 5 6 |  6.0
Fighting       | |  2.0
Throwing       | |  1.7
Dodging        | |  2.6

Action                     |  1- 3 |  4- 6 || total
---------------------------+-------+-------++-------
  Melee: Quarterstaff      |    72 |    49 ||   121
  Throw: Throwing net      |     1 |       ||     1
   Stab: Sleeping          |       |     1 ||     1
 Armour: Leather armour    |    60 |    42 ||   102
  Dodge: Dodged            |    59 |    41 ||   100

Levels and vault maps discovered:
D:1:      dpeg_arrival_rhombi, layout_rooms, minmay_misc_feat_square
D:2:      cheibrodos_greedy_goblins, layout_rooms, serial_shops,
          nicolae_shop_rolling_square, shapermc_ecumenical_altar_ellora,
          basic_altar, minmay_tetromino_t2
D:3:      layout_basic, mainiacjoe_overflow_paths,
          nicolae_sif_muna_condensation, nicolae_ru_great_annihilating_truth,
          uniq_terence, uniq_robin
D:4:      nicolae_cairo_tiling_large, layout_basic, kennysheep_potato,
          uniq_sigmund
